 Dungeon Crawl Stone Soup version 0.30-a0-509-gd016549fea (webtiles) character file.

Game seed: 1660202869613036153

1073 xzight the Firebug (level 8, -8/45 HPs)
             Began as a Deep Elf Fire Elementalist on Dec 22, 2022.
             Mangled by an orc warrior
             ... wielding a +0 long sword
              (12 damage)
             ... on level 6 of the Dungeon.
             The game lasted 00:17:00 (6680 turns).

xzight the Firebug (Deep Elf Fire Elementalist)     Turns: 6680, Time: 00:17:00

Health: -8/45      AC:  6    Str:  5    XL:     8   Next: 7%
Magic:  21/27      EV: 14    Int: 23    God:
Gold:   237        SH:  0    Dex: 15    Spells: 15/18 levels left

rFire   + . .      SeeInvis .    r - staff of fire {!a}
rCold   . . .      Faith    .    (no shield)
rNeg    . . .      Spirit   .    a - +0 robe
rPois   .          Reflect  .    (no helmet)
rElec   .          Harm     .    (no cloak)
rCorr   .          Rampage  .    (no gloves)
Will    .....                    (no boots)
Stlth   ++........               (no amulet)
HPRegen 0.27/turn                T - +4 ring of protection
MPRegen 0.20/turn                M - ring of magical power

@: studying Long Blades
A: no striking features
a: no special abilities


You were on level 6 of the Dungeon.
You visited 1 branch of the dungeon, and saw 6 of its levels.

You collected 237 gold pieces.


   Skills:
 + Level 2.8 Fighting
 + Level 5.2 Dodging
 - Level 2.4 Stealth
 + Level 5.7 Spellcasting
 + Level 4.3 Conjurations
 * Level 6.9 Fire Magic


You had 15 spell levels left.
You knew the following spells:

 Your Spells              Type           Power      Damage    Failure   Level
a - Foxfire               Conj/Fire      100%       2x1d9     1%          1
b - Scorch                Fire           100%       2d10      1%          2

Your spell library contained the following spells:

 Spells                   Type           Power      Damage    Failure   Level
 Magic Dart               Conj           100%       1d8       1%          1
 Searing Ray              Conj           52%        2d6       2%          2
 Inner Flame              Hex/Fire       33%        N/A       6%          3
 Beastly Appendage        Tmut           12%        N/A       9%          1
 Freeze                   Ice            24%        1d4       9%          1
 Flame Wave               Conj/Fire      48%        2d12      9%          4
 Hailstorm                Conj/Ice       16%        3d6       11%         3
 Kindle Blastsparks       Fire/Tloc/Air  50%        2d14      11%         3
 Ensorcelled Hibernation  Hex/Ice        12%        N/A       13%         2
 Frozen Ramparts          Ice            12%        1d2       26%         3
 Spider Form              Tmut/Pois      6%         N/A       26%         3
 Vhi's Electric Charge    Tloc/Air       12%        N/A       26%         3
 Fulminant Prism          Conj/Hex       8%         3d6       34%         4
 Anguish                  Hex/Necr       3%         N/A       65%         4
 Cause Fear               Hex            3%         N/A       65%         4
 Arcjolt                  Conj/Air       8%         1d18      69%         5
 Discord                  Hex            3%         N/A       100%        8
 Maxwell's Capacitive Co  Air            3%         ∞         100%        8

Inventory:

Hand Weapons
 u - a +2 dagger of venom
Armour
 a - a +0 robe (worn)
Magical Staves
 e - a staff of earth {!a}
 r - a staff of fire (weapon) {!a}
Jewellery
 t - an amulet of faith {!P}
 F - a ring of protection from fire
 M - a ring of magical power (right hand)
 T - a +4 ring of protection (left hand)
Wands
 g - a wand of roots (10)
 l - a wand of flame (14)
Scrolls
 f - a scroll of poison {unknown}
 h - a scroll of fear {unknown}
 i - a scroll of summoning {unknown}
 m - a scroll of teleportation {unknown}
 o - a scroll of immolation
 p - a scroll of enchant armour {unknown}
 s - a scroll of enchant weapon {unknown}
Potions
 b - 2 potions of magic
 c - 5 potions of curing {@q1}
 d - a potion of cancellation
 k - a potion of flight
 n - 2 potions of brilliance

Dungeon Overview and Level Annotations

Branches:
Dungeon (6/15)
 Temple: D:4-7

Altars:
Cheibriados
Elyvilon
Nemelex Xobeh
Sif Muna
Trog
Xom

Annotations:
D:3 exclusion: ice beast, Pikel
D:6 1 runed translucent door, exclusion: orc warrior

.. ..▒ ..> ..▒ #.. ..▒
##..###########'#
#...............#
#.........o..o..# ▒
#...............# ~▒
######'##o######▒ ~~▒
#.........@.....▒▒+▒▒
#...................#....
#.............<.....#...
#......[............#..
#...................#.#
########....#########.##
#....'..........#
#....#....).....# #
#....#....<.....# #


You could see an orc warrior and an orc wizard.


Message History

Casting: Foxfire (safe; 1% risk of failure)
Confirm with . or Enter, or press ? or * to list all spells.
You feel a surge of power!
Flames lash the orc warrior.
The orc warrior is moderately wounded.
The orc warrior's fire resistance burns away.
The orc warrior hits you with a +0 long sword!
The orc warrior attacks as you move away!
The orc warrior hits you with a +0 long sword!
* * * LOW HITPOINT WARNING * * *
The orc warrior is no longer more vulnerable to fire.
There is an open door here.
The orc warrior attacks as you move away!
The orc warrior hits you with a +0 long sword.
* * * LOW HITPOINT WARNING * * *
Okay, then.
Casting: Scorch (safe; 1% risk of failure)
Confirm with . or Enter, or press ? or * to list all spells.
You feel a surge of power!
Flames lash the orc warrior but do no damage.
The orc warrior closely misses you.
The orc warrior hits you with a +0 long sword.
* * * LOW HITPOINT WARNING * * *
Casting: Scorch (safe; 1% risk of failure)
Confirm with . or Enter, or press ? or * to list all spells.
You feel a surge of power!
Flames lash the orc warrior but do no damage.
The orc warrior hits you with a +0 long sword!
* * * LOW HITPOINT WARNING * * *
The orc warrior hits you with a +0 long sword!
You die...

Skill      XL: |  1  2  3  4  5  6  7 |
---------------+----------------------+-----
Dodging        | 3 4 5 |  5.2
Fire Magic     | 4 5 6 |  6.9
Fighting       | 1 2 |  2.8
Conjurations   | 2 3 4 |  4.3
Spellcasting   | 4 5 |  5.7
Stealth        | |  2.4

Action                   |  1- 3 |  4- 6 |  7- 9 || total
-------------------------+-------+-------+-------++-------
Melee: Dagger            |       |     1 |       ||     1
 Cast: Foxfire           |    71 |    71 |    48 ||   190
       Scorch            |       |    30 |    16 ||    46
  Use: Scroll            |       |    10 |     2 ||    12
       Potion            |       |     2 |       ||     2
Armor: Robe              |     6 |    11 |    11 ||    28
Dodge: Dodged            |     8 |    39 |    18 ||    65

Levels and vault maps discovered:
D:1:      doesnt_arrival_eight_statues, layout_basic
D:2:      layout_loops_corners, roderic_roman_lattice, kennysheep_generic_room_5
D:3:      layout_basic, slow_altar_1, shapermc_ecumenical_altar_rom_forum
D:4:      layout_cave_pools, minmay_manual_moon, uniq_pikel
D:5:      layout_layer_cave, elyvilon_altar_5, doesnt_xom_only_xom
D:6:      layout_gridville, ebering_ghost_sewer_f, uniq_eustachio, uniq_grinder

Notes
Turn   | Place    | Note
-------+----------+-------------------------------------------
     0 | D:1      | xzight the Deep Elf Fire Elementalist began the quest for
                  | the Orb.
     0 | D:1      | Reached XP level 1. HP: 10/10 MP: 6/6
   236 | D:1      | Reached XP level 2. HP: 15/15 MP: 4/8
  1168 | D:2      | Reached XP level 3. HP: 20/20 MP: 7/9
  2423 | D:3      | Reached skill level 3 in Dodging
  2423 | D:3      | Reached skill level 4 in Fire Magic
  2429 | D:3      | Reached skill level 1 in Fighting
  2429 | D:3      | Reached skill level 2 in Conjurations
  2429 | D:3      | Reached XP level 4. HP: 14/25 MP: 2/11
  2559 | D:3      | Found a faded altar of an unknown god.
  2565 | D:3      | Got Plato's Almanac of Shapes
  2705 | D:3      | Found a snail-covered altar of Cheibriados.
  3010 | D:3      | Noticed an ice beast
  3606 | D:3      | Learned a level 2 spell: Scorch
  3632 | D:3      | Killed an ice beast
  3633 | D:3      | Reached skill level 4 in Spellcasting
  3633 | D:3      | Reached XP level 5. HP: 29/29 MP: 13/13
  3846 | D:4      | Noticed a black bear
  3867 | D:3      | Reached skill level 5 in Fire Magic
  4036 | D:4      | Reached XP level 6. HP: 32/34 MP: 14/14
  4215 | D:4      | Noticed Pikel
  4428 | D:4      | Reached skill level 4 in Dodging
  4428 | D:4      | Reached skill level 3 in Conjurations
  4971 | D:5      | Entered Level 5 of the Dungeon
  5070 | D:5      | Found a white marble altar of Elyvilon.
  5169 | D:5      | Reached skill level 2 in Fighting
  5169 | D:5      | Reached XP level 7. HP: 6/40 MP: 15/16
  5609 | D:5      | Reached skill level 5 in Spellcasting
  5609 | D:5      | Reached skill level 6 in Fire Magic
  5793 | D:5      | Reached skill level 4 in Conjurations
  5888 | D:5      | Reached skill level 5 in Dodging
  5927 | D:5      | Found a shimmering blue altar of Sif Muna.
  5967 | D:5      | Found a sparkling altar of Nemelex Xobeh.
  5967 | D:5      | Found a sparkling altar of Nemelex Xobeh.
  5969 | D:5      | Found a shimmering altar of Xom.
  5969 | D:5      | Found a white marble altar of Elyvilon.
  5969 | D:5      | Found a bloodstained altar of Trog.
  6409 | D:6      | Found a runed translucent door.
  6418 | D:5      | Reached XP level 8. HP: 39/45 MP: 18/18
  6679 | D:6      | HP: 4/45 [orc warrior/+0 long sword (12)]
  6680 | D:6      | Mangled by an orc warrior

Vanquished Creatures
  2 ice beasts
  2 black bears
  An ogre (D:5)
  3 lemures
  A centaur (D:5)
  A necrophage (D:5)
  A howler monkey (D:5)
  A jelly (D:6)
  3 hounds
  An orc priest (D:6)
  4 iguanas
  2 orc wizards
  A mummy (D:3)
  3 adders
  An ufetubus (D:5)
  A worm (D:2)
  4 dart slugs
  24 orcs
  3 ball pythons
  3 endoplasms
  2 giant cockroaches (D:2)
  4 hobgoblins
  3 jackals (D:5)
  4 kobolds
  5 quokkas
  2 bats
  A frilled lizard (D:2)
  8 goblins
  5 rats
96 creatures vanquished.

Vanquished Creatures (others)
  318 foxfires
318 creatures vanquished.

Grand Total: 414 creatures vanquished

Table legend: (Time is in decaauts)
 A = Elapsed time spent in this place.
 B = Non-inter-level travel time spent in this place.
 C = Inter-level travel time spent in this place.
 D = Time resting spent in this place.
 E = Time spent auto-exploring this place.
 F = Levels seen in this place.
 G = Mean time per level.
                   A        B        C        D        E       F      G
               +--------+--------+--------+--------+--------+-----+--------+
         Total |   6685 |   6247 |    438 |    910 |   4202 |   6 | 1114.2 |
       Dungeon |   6685 |   6247 |    438 |    910 |   4202 |   6 | 1114.2 |
               +--------+--------+--------+--------+--------+-----+--------+

Top non-repeatable levels by time:
     D:3: 1722 daAuts
     D:5: 1540 daAuts
     D:2: 1159 daAuts
     D:1: 1075 daAuts
     D:4: 1018 daAuts
     D:6: 169 daAuts

Table legend:
 A = Non-vault XP
 B = Vault XP
 C = Vault XP percentage of total XP
 D = Non-vault monster count
 E = Vault monster count
 F = Vault count percentage of total count
                 A         B        C        D         E       F
            +---------+---------+-------+---------+---------+-------
      Total |    1373 |     160 |  10.4 |      85 |       8 |   8.6
            +---------+---------+-------+---------+---------+-------
        D:1 |      34 |       0 |   0.0 |      19 |       0 |   0.0
        D:2 |      13 |       3 |  18.8 |       6 |       2 |  25.0
        D:3 |     240 |      21 |   8.0 |      12 |       2 |  14.3
        D:4 |     140 |     136 |  49.3 |      14 |       4 |  22.2
        D:5 |     847 |       0 |   0.0 |      27 |       0 |   0.0
        D:6 |      99 |       0 |   0.0 |       7 |       0 |   0.0
            +---------+---------+-------+---------+---------+-------
